[Event "ICC tourney 2151 (70 10)"]
[Site "Internet Chess Club"]
[Date "2020.11.21"]
[Round "2"]
[White "breaker90"]
[Black "rdhanekula"]
[Result "1/2-1/2"]
[ICCResult "Game drawn by mutual agreement"]
[WhiteElo "2091"]
[BlackElo "1856"]
[Opening "Ruy Lopez: Berlin defense, 4.O-O, d6"]
[ECO "C66"]
[NIC "RL.07"]
[Time "16:01:42"]
[TimeControl "4200+10"]

1. e4 e5 2. Nf3 Nc6 3. Bb5 Nf6 4. O-O d6 5. c3 Bd7 6. d4 a6 7. Ba4 b5 8. Bc2
Be7 9. a4 O-O 10. h3 Re8 11. Na3 exd4 12. cxd4 Nb4 13. e5 Nxc2 14. exf6 Nxa1
15. fxe7 Qxe7 16. Be3 bxa4 17. Qxa1 Rab8 18. Rc1 Rb7 19. Rc3 Reb8 20. Qc1
Rxb2 21. Rxc7 R2b7 22. Rxb7 Rxb7 23. d5 h6 24. Nd4 Qe4 25. Nc6 Kh7 26. Na5
Rb4 27. Qc7 Qxd5 28. Qxd7 Qxa5 29. Qxf7 Qe5 30. Qc7 Qa1+ 31. Bc1 d5 32. Qc2+
Kh8 33. Qc8+ Kh7 34. Qf5+ Kh8 35. Qf8+ Kh7 36. Qxb4 Qxc1+ 37. Kh2 d4 38.
Qxa4 Qf4+ 39. Kg1 {Game drawn by mutual agreement} 1/2-1/2

[Event "ICC tourney 2151 (70 10)"]
[Site "Internet Chess Club"]
[Date "2020.11.21"]
[Round "2"]
[White "spellking98"]
[Black "DLWarrior"]
[Result "1-0"]
[ICCResult "Black checkmated"]
[WhiteElo "2171"]
[BlackElo "1946"]
[Opening "Queen's pawn, Mason variation, Steinitz counter-gambit"]
[ECO "D00"]
[NIC "QP.08"]
[Time "16:01:32"]
[TimeControl "4200+10"]

1. d4 d5 2. Bf4 c5 3. e3 Nc6 4. c3 Nf6 5. Nf3 Bg4 6. Nbd2 e6 7. Be2 Be7 8.
h3 Bh5 9. O-O O-O 10. g4 Bg6 11. Ne5 Nxe5 12. dxe5 Nd7 13. Bh2 Qb6 14. b3
Rac8 15. c4 d4 16. e4 Rfd8 17. f4 h6 18. Bd3 Nb8 19. f5 Bh7 20. f6 Bf8 21.
Qf3 Rc7 22. h4 Nc6 23. a3 a6 24. h5 Qa5 25. Qe2 Rb8 26. Nf3 b5 27. Bf4 bxc4
28. Bxc4 Qb6 29. g5 Na5 30. fxg7 Bxg7 31. gxh6 Bf8 32. Qg2+ Kh8 33. Bg5 Bg8
34. Bf6+ Kh7 35. Ng5+ Kxh6 36. Nxe6 Nxc4 37. Qg5+ Kh7 38. Nxf8+ Rxf8 39.
Qg7# {Black checkmated} 1-0

[Event "ICC tourney 2151 (70 10)"]
[Site "Internet Chess Club"]
[Date "2020.11.21"]
[Round "2"]
[White "HarleyQueen8"]
[Black "BreatheChessAls"]
[Result "1-0"]
[ICCResult "Black resigns"]
[WhiteElo "1904"]
[BlackElo "1922"]
[Opening "QGD Slav: Dutch variation"]
[ECO "D18"]
[NIC "SL.04"]
[Time "16:01:29"]
[TimeControl "4200+10"]

1. d4 d5 2. c4 c6 3. Nf3 Nf6 4. Nc3 dxc4 5. a4 Bf5 6. e3 e6 7. Bxc4 Be7 8.
O-O O-O 9. Qe2 Ne4 10. Nd2 Nxd2 11. Bxd2 Nd7 12. e4 Bg6 13. Be3 Nf6 14. Bd3
Qc7 15. Rac1 Qd7 16. h3 Bb4 17. e5 Bxd3 18. Qxd3 Nd5 19. Ne4 Be7 20. Bg5 h6
21. Bxe7 Qxe7 22. Nd6 f5 23. f4 g5 24. fxg5 Qxg5 25. Rce1 Kh7 26. Rf2 Rg8
27. Nxb7 Qh4 28. Ref1 Rg3 29. Rf3 Rag8 30. Rxg3 Rxg3 31. Rf3 Nf4 32. Rxg3
Ne2+ 33. Qxe2 Qxg3 34. Nc5 Qg8 35. Qc4 f4 36. Qxe6 Qg3 37. Qf5+ Kh8 38. Ne4
Qe3+ 39. Kh2 Qxd4 40. Nf6 {Black resigns} 1-0

[Event "ICC tourney 2151 (70 10)"]
[Site "Internet Chess Club"]
[Date "2020.11.21"]
[Round "2"]
[White "Bluesman64"]
[Black "satyamalugu"]
[Result "0-1"]
[ICCResult "White resigns"]
[WhiteElo "1652"]
[BlackElo "2154"]
[Opening "Sicilian: closed"]
[ECO "B23"]
[NIC "SI.44"]
[Time "16:02:22"]
[TimeControl "4200+10"]

1. e4 c5 2. Nc3 e6 3. g3 Nc6 4. Bg2 g6 5. Nge2 Bg7 6. d3 Nge7 7. O-O O-O 8.
Be3 Nd4 9. Qd2 d6 10. f4 Bd7 11. a3 Qb6 12. Rab1 Bc6 13. b4 Qc7 14. b5 Bd7
15. a4 Qa5 16. Rfd1 Nxe2+ 17. Nxe2 Qxa4 18. e5 d5 19. Bxc5 Rfe8 20. c4 dxc4
21. d4 Nd5 22. Nc3 Nxc3 23. Qxc3 Bxb5 24. Rb4 Qxd1+ {White resigns} 0-1

[Event "ICC tourney 2151 (70 10)"]
[Site "Internet Chess Club"]
[Date "2020.11.21"]
[Round "2"]
[White "mexicoreal"]
[Black "Zaidalaa"]
[Result "1-0"]
[ICCResult "Black checkmated"]
[WhiteElo "2039"]
[BlackElo "1824"]
[Opening "Caro-Kann: exchange, Rubinstein variation"]
[ECO "B13"]
[NIC "CK.02"]
[Time "16:01:28"]
[TimeControl "4200+10"]

1. e4 c6 2. d4 d5 3. exd5 cxd5 4. Bf4 Nc6 5. c3 Nf6 6. Bd3 Bg4 7. Nf3 e6 8.
h3 Bh5 9. Nbd2 Bd6 10. Bg3 Bxg3 11. fxg3 Qc7 12. Kf2 O-O 13. Re1 Bg6 14.
Bxg6 fxg6 15. Rxe6 Nh5 16. Nf1 g5 17. g4 Nf4 18. Re3 Na5 19. b3 Rae8 20. Rc1
b5 21. g3 Ng6 22. Kg2 h6 23. Qd3 Qc6 24. Rce1 Rxe3 25. Nxe3 Nb7 26. Nf5 Re8
27. Rxe8+ Qxe8 28. Ne3 Ne7 29. c4 bxc4 30. bxc4 dxc4 31. Qxc4+ Qf7 32. Ne5
Qxc4 33. N5xc4 Kf7 34. d5 Nc8 35. Kf3 g6 36. Ke4 Kf6 37. Kd4 h5 38. Nf1 h4
39. Nfd2 Ncd6 40. Nxd6 Nxd6 41. gxh4 gxh4 42. Ne4+ Ke7 43. Nxd6 Kxd6 44. g5
a6 45. a3 a5 46. a4 Kd7 47. Ke5 Ke7 48. d6+ Kd7 49. Kd5 Kd8 50. Ke6 Ke8 51.
Kf6 Kd7 52. Kxg6 Kxd6 53. Kf6 Kc5 54. g6 Kb4 55. g7 Kxa4 56. g8=Q Ka3 57.
Qb8 a4 58. Ke5 Ka2 59. Kd4 a3 60. Kc3 Ka1 61. Qb3 a2 62. Qb2# {Black
checkmated} 1-0

[Event "ICC tourney 2151 (70 10)"]
[Site "Internet Chess Club"]
[Date "2020.11.21"]
[Round "2"]
[White "python0812"]
[Black "bworkman62189"]
[Result "1-0"]
[ICCResult "Black resigns"]
[WhiteElo "2049"]
[BlackElo "1639"]
[Opening "Scandinavian: Icelandic gambit"]
[ECO "B01"]
[NIC "SD.03"]
[Time "16:01:41"]
[TimeControl "4200+10"]

1. e4 d5 2. exd5 Nf6 3. c4 e6 4. dxe6 Bxe6 5. Nf3 Nc6 6. Be2 Bc5 7. O-O Qd7
8. Nc3 O-O-O 9. a3 a6 10. b4 Bd4 11. b5 axb5 12. cxb5 Ne5 13. Qa4 c6 14.
bxc6 Nxc6 15. Qa8+ Kc7 16. Qa4 Ra8 17. Qc2 Bf5 18. d3 Ra5 19. Rb1 Rc5 20.
Nb5+ Kd8 21. Qa4 Rxb5 22. Rxb5 Ke7 23. Rxf5 Bxf2+ 24. Rxf2 Qxf5 25. Nd4 Qc5
26. Nxc6+ bxc6 27. Bd2 Kd7 28. d4 Qb6 29. Qc4 Re8 30. Bf3 Re6 31. g3 Ke8 32.
Kg2 Ne4 33. Bxe4 {Black resigns} 1-0

[Event "ICC tourney 2151 (70 10)"]
[Site "Internet Chess Club"]
[Date "2020.11.21"]
[Round "2"]
[White "el008"]
[Black "HartensChkmate"]
[Result "1-0"]
[ICCResult "Black resigns"]
[WhiteElo "1947"]
[BlackElo "1957"]
[Opening "Sicilian: accelerated fianchetto, Maróczy bind"]
[ECO "B36"]
[NIC "SI.33"]
[Time "16:01:36"]
[TimeControl "4200+10"]

1. e4 c5 2. Nf3 Nc6 3. d4 cxd4 4. Nxd4 g6 5. c4 Nf6 6. Nc3 d6 7. Be2 Nxd4 8.
Qxd4 Bg7 9. Qd1 O-O 10. O-O a5 11. Be3 a4 12. Rc1 Bd7 13. Qd2 Qa5 14. f3
Rfc8 15. Kh1 Ra6 16. Rfd1 Rac6 17. g4 Be6 18. Nd5 Qxd2 19. Rxd2 Kf8 20. Nb4
R6c7 21. Rdc2 Nd7 22. Nd5 Bxd5 23. exd5 b5 24. c5 dxc5 25. Bxb5 Nb6 26. Bf4
Ra7 27. Rxc5 Rxc5 28. Rxc5 Bxb2 29. Rc6 Bd4 30. Bh6+ Kg8 31. d6 f6 32. d7
Nxd7 33. Bc4+ {Black resigns} 1-0

[Event "ICC tourney 2151 (70 10)"]
[Site "Internet Chess Club"]
[Date "2020.11.21"]
[Round "2"]
[White "dogetk"]
[Black "qiaoqiaoszx"]
[Result "1-0"]
[ICCResult "Black resigns"]
[WhiteElo "1903"]
[BlackElo "2129"]
[Opening "King's Indian: Petrosian system"]
[ECO "E92"]
[NIC "KI.17"]
[Time "16:02:22"]
[TimeControl "4200+10"]

1. d4 Nf6 2. c4 g6 3. Nc3 Bg7 4. Nf3 O-O 5. e4 d6 6. Be2 e5 7. d5 Nh5 8. g3
a5 9. h4 Na6 10. Ng5 h6 11. Bxh5 gxh5 12. Qxh5 Nb4 13. Qe2 hxg5 14. hxg5 f5
15. a3 Bd7 16. axb4 axb4 17. Rxa8 Qxa8 18. Qh5 bxc3 19. Qh7+ Kf7 20. g6+ Ke8
21. bxc3 f4 22. Qxg7 fxg3 23. O-O Qd8 24. fxg3 Rxf1+ 25. Kxf1 Qe7 26. Qh7
Qf6+ 27. Kg2 Bg4 28. Bf4 exf4 29. g7 {Black resigns} 1-0

[Event "ICC tourney 2151 (70 10)"]
[Site "Internet Chess Club"]
[Date "2020.11.21"]
[Round "2"]
[White "matein7"]
[Black "penguinwizard"]
[Result "0-1"]
[ICCResult "White resigns"]
[WhiteElo "1896"]
[BlackElo "2126"]
[Opening "Queen's Indian: 4.Nc3"]
[ECO "E12"]
[NIC "NI.26"]
[Time "16:01:40"]
[TimeControl "4200+10"]

1. d4 Nf6 2. c4 e6 3. Nf3 b6 4. Nc3 Bb4 5. e3 Bb7 6. Bd3 O-O 7. O-O Bxc3 8.
bxc3 Ne4 9. Qc2 f5 10. Nd2 Nxd2 11. Bxd2 c5 12. e4 g6 13. d5 Qf6 14. Rae1 f4
15. e5 Qf7 16. Re4 g5 17. Rfe1 Na6 18. Qd1 Nc7 19. Qg4 Qg7 20. R4e2 exd5 21.
cxd5 Bxd5 22. e6 Bxe6 23. Rxe6 dxe6 24. Bc4 Rae8 25. h4 h6 {White resigns}
0-1

[Event "ICC tourney 2151 (70 10)"]
[Site "Internet Chess Club"]
[Date "2020.11.21"]
[Round "2"]
[White "randomusername"]
[Black "sirking2800"]
[Result "1-0"]
[ICCResult "Black resigns"]
[WhiteElo "2057"]
[BlackElo "1905"]
[Opening "King's Indian: 3.g3"]
[ECO "E62"]
[NIC "KI.80"]
[Time "16:02:22"]
[TimeControl "4200+10"]

1. d4 Nf6 2. c4 g6 3. g3 Bg7 4. Bg2 O-O 5. Nc3 d6 6. Nf3 Bf5 7. O-O Qd7 8.
Re1 Nc6 9. d5 Na5 10. Nd2 b6 11. e4 Bg4 12. Qc2 Nb7 13. b3 Nh5 14. Bb2 Bh3
15. Bh1 Nf4 16. Nf1 Qg4 17. Rad1 Bxf1 18. Kxf1 Nh5 19. Bg2 f5 20. exf5 Rxf5
21. Kg1 Raf8 22. Ne4 R5f7 23. f3 Qd7 24. Ng5 Qf5 25. Qxf5 Rxf5 26. Bxg7 Nxg7
27. f4 h6 28. Nf3 R5f7 29. Nd4 Nd8 30. Nb5 Ne8 31. Nxa7 g5 32. fxg5 hxg5 33.
Rd2 Rg7 34. Rde2 Rff7 35. b4 Kf8 36. a4 Nb7 37. Nc6 Nf6 38. a5 bxa5 39. bxa5
Nc5 40. Nd8 Ke8 41. Nxf7 Rxf7 42. Ra2 Na6 43. c5 Rf8 44. cxd6 cxd6 45. Rb2
Nc5 46. Rb8+ Kf7 47. Rxf8+ Kxf8 48. Rb1 Nfd7 49. Bf1 {Black resigns} 1-0

[Event "ICC tourney 2151 (70 10)"]
[Site "Internet Chess Club"]
[Date "2020.11.21"]
[Round "2"]
[White "DankMemer"]
[Black "gitb98"]
[Result "0-1"]
[ICCResult "White checkmated"]
[WhiteElo "1656"]
[BlackElo "1975"]
[Opening "Queen's pawn: London system"]
[ECO "A45"]
[NIC "QP.07"]
[Time "16:01:30"]
[TimeControl "4200+10"]

1. d4 Nf6 2. Bf4 g6 3. e3 Bg7 4. Nf3 O-O 5. h3 d6 6. Nbd2 Nbd7 7. Be2 Re8 8.
c3 e5 9. dxe5 dxe5 10. Bh2 Qe7 11. O-O Nh5 12. Bc4 Nb6 13. Bb3 Kh8 14. Ne4
h6 15. Ng3 Nxg3 16. Bxg3 f5 17. Nh4 Qf6 18. Ba4 Rd8 19. Qc2 Nxa4 20. Qxa4
Kh7 21. Nf3 Qe7 22. Rad1 Bd7 23. Qc2 Bc6 24. Nd2 Rf8 25. Rfe1 Rad8 26. Nb3
Qf6 27. Na5 Bd5 28. c4 Be4 29. Qc3 Qg5 30. Nb3 f4 31. Nc5 Rxd1 32. Rxd1 Bf5
33. e4 fxg3 34. exf5 gxf2+ 35. Kxf2 Qxf5+ 36. Kg1 Qf2+ 37. Kh1 Qxc5 38. Qb3
Qc6 39. Re1 e4 40. Qe3 Qxc4 41. Qxe4 Qxe4 42. Rxe4 Rf2 43. Re7 Kg8 44. Rxc7
Rf1+ 45. Kh2 Be5+ 46. g3 Bxc7 47. Kg2 Rd1 48. Kf3 Rd2 49. Ke4 Rxb2 50. Kd5
Rxa2 51. Ke6 b5 52. Kf6 Ra6+ 53. Ke7 b4 54. Kd7 b3 55. Kxc7 b2 56. g4 b1=Q
57. g5 Qb6+ 58. Kd7 Qd6+ 59. Ke8 Rb6 60. gxh6 Rb8# {White checkmated} 0-1

[Event "ICC tourney 2151 (70 10)"]
[Site "Internet Chess Club"]
[Date "2020.11.21"]
[Round "2"]
[White "alexdora"]
[Black "TheKetchupKing"]
[Result "1-0"]
[ICCResult "Black checkmated"]
[WhiteElo "2005"]
[BlackElo "1835"]
[Opening "Scotch: Blumenfeld attack"]
[ECO "C45"]
[NIC "SO.05"]
[Time "16:01:37"]
[TimeControl "4200+10"]

1. e4 e5 2. Nf3 Nc6 3. d4 exd4 4. Nxd4 Bc5 5. Be3 Qf6 6. Nb5 Bxe3 7. fxe3
Kd8 8. N1c3 Nge7 9. Qd2 d6 10. O-O-O Bg4 11. Re1 Kd7 12. Bc4 Ne5 13. Bb3 a6
14. Rhf1 Qg6 15. Nd4 Rad8 16. Rf4 Kc8 17. Ref1 Be6 18. Nf5 N7c6 19. Nd5 Rhe8
20. h3 h5 21. g4 hxg4 22. hxg4 Qh7 23. Qg2 g6 24. Rh1 Qg8 25. Nf6 Qf8 26.
Nxe8 Rxe8 27. Bxe6+ Rxe6 28. Nd4 Re8 29. Rhf1 Qg7 30. Qe2 Re7 31. g5 Na5 32.
Qe1 Nac4 33. b3 Nb6 34. Rh1 c5 35. Ne2 Nc6 36. Qc3 Qxc3 37. Nxc3 Nd8 38. a4
Re5 39. a5 Nd7 40. Rh8 Rxg5 41. Rxf7 Ne5 42. Rg7 Rg1+ 43. Kb2 g5 44. Nd5 Rg2
45. Rc7+ Kb8 46. Rxd8+ Ka7 47. Nb6 Nd3+ 48. Ka3 Nb4 49. Ra8# {Black
checkmated} 1-0

[Event "ICC tourney 2151 (70 10)"]
[Site "Internet Chess Club"]
[Date "2020.11.21"]
[Round "2"]
[White "AlexandreKaram"]
[Black "yogeshchess77"]
[Result "1-0"]
[ICCResult "Black resigns"]
[WhiteElo "1902"]
[BlackElo "1978"]
[Opening "Sicilian: Najdorf, Zagreb (fianchetto) variation"]
[ECO "B91"]
[NIC "SI.14"]
[Time "16:01:35"]
[TimeControl "4200+10"]

1. e4 c5 2. Nf3 d6 3. d4 cxd4 4. Nxd4 Nf6 5. Nc3 a6 6. g3 e6 7. Bg2 Be7 8.
O-O O-O 9. f4 Qc7 10. Kh1 Nc6 11. Nxc6 bxc6 12. g4 d5 13. g5 Nxe4 14. Nxe4
dxe4 15. Bxe4 Bb7 16. Qh5 g6 17. Qf3 Rab8 18. b3 c5 19. Bb2 Bxe4 20. Qxe4
Qb7 21. Qxb7 Rxb7 22. Rad1 c4 23. Rd4 cxb3 24. cxb3 f6 25. Rfd1 Rf7 26. h4
h6 27. gxh6 Kh7 28. Rd7 Rb8 29. Ra7 Kxh6 30. Rdd7 Re8 31. Rxa6 e5 32. Raa7
exf4 33. Ba3 Kh5 34. Rxe7 Rfxe7 35. Rxe7 Ra8 36. Bb2 Kxh4 37. Bxf6+ Kh3 38.
Re2 f3 39. Rh2+ Kg4 40. Rf2 Re8 41. Bc3 Kg3 42. Kg1 g5 43. b4 g4 44. b5 Re3
45. Rc2 f2+ 46. Kf1 Kh3 47. Kxf2 Re6 48. Rc1 g3+ 49. Kf3 g2 50. Rg1 Rg6 51.
Bd4 Rg3+ 52. Ke4 Ra3 53. Ra1 {Black resigns} 1-0

[Event "ICC tourney 2151 (70 10)"]
[Site "Internet Chess Club"]
[Date "2020.11.21"]
[Round "2"]
[White "HostilePear"]
[Black "Vladlena85"]
[Result "0-1"]
[ICCResult "White checkmated"]
[WhiteElo "1968"]
[BlackElo "2185"]
[Opening "English: Symmetrical, Keres defense"]
[ECO "A13"]
[NIC "EO.41"]
[Time "16:01:37"]
[TimeControl "4200+10"]

1. c4 e6 2. g3 d5 3. Bg2 Nf6 4. Nf3 c5 5. cxd5 Nxd5 6. O-O Nc6 7. Nc3 Be7 8.
d4 O-O 9. dxc5 Nxc3 10. bxc3 Bxc5 11. Bf4 Qf6 12. Qc2 h6 13. Rad1 e5 14. Bc1
Bf5 15. Qa4 a6 16. Ba3 b5 17. Qh4 Bxa3 18. Qxf6 gxf6 19. Nh4 Ne7 20. Bxa8
Rxa8 21. Nxf5 Nxf5 22. Rd3 Rc8 23. Rf3 Nd6 24. c4 Nxc4 25. Rxf6 Nd6 26. Rxh6
Kg7 27. Rh3 Rc2 28. Ra1 Rxe2 29. g4 Bc5 30. Rf3 Bd4 31. Rc1 Rxa2 32. Rc6 Ne4
33. Rc7 Ng5 34. Rf5 Bxf2+ 35. Kf1 Bh4 36. h3 b4 37. Rb7 a5 38. Rb5 f6 39.
Rb7+ Kg6 40. Rb8 Nxh3 41. Rb6 Nf4 42. Kg1 Rg2+ 43. Kh1 Rxg4 44. Rxe5 Bf2 45.
Rxf6+ Kxf6 46. Rh5 Nxh5 47. Kh2 Nf4 48. Kh1 Rh4# {White checkmated} 0-1

[Event "ICC tourney 2151 (70 10)"]
[Site "Internet Chess Club"]
[Date "2020.11.21"]
[Round "2"]
[White "mopaska1106"]
[Black "premierchess"]
[Result "1/2-1/2"]
[ICCResult "Game drawn because neither player has mating material"]
[WhiteElo "2036"]
[BlackElo "2192"]
[Opening "Nimzovich-Larsen attack: modern variation"]
[ECO "A01"]
[NIC "VO.08"]
[Time "16:02:08"]
[TimeControl "4200+10"]

1. b3 e5 2. Bb2 d6 3. c4 g6 4. Nc3 Bg7 5. e3 f5 6. Be2 Nf6 7. Nf3 Nc6 8. d4
e4 9. Nd2 O-O 10. O-O Qe7 11. a3 h5 12. Nd5 Qf7 13. b4 Nxd5 14. cxd5 Ne7 15.
Rc1 Nxd5 16. Qc2 Be6 17. Nc4 Rae8 18. Na5 f4 19. exf4 Nxf4 20. Nc4 Bh6 21.
Ne3 Bb3 22. Qd2 Nd5 23. g3 Qe7 24. Nxd5 Bxd2 25. Nxe7+ Rxe7 26. Bc4+ Bxc4
27. Rxc4 c6 28. Rc2 e3 29. fxe3 Bxe3+ 30. Kg2 Rxf1 31. Kxf1 Rf7+ 32. Kg2 d5
33. Bc1 Bxd4 34. Bf4 Bf6 35. h4 Rd7 36. Kf3 Kf7 37. Ke3 Ke6 38. Kd3 Kf5 39.
Rf2 Ke6 40. Re2+ Kf7 41. Rf2 Kg7 42. Be3 a6 43. Bf4 Re7 44. Bh6+ Kxh6 45.
Rxf6 Kg7 46. Rd6 Rf7 47. Ke3 Kh6 48. Ke2 Re7+ 49. Kf3 Re4 50. Rd7 Rc4 51.
Rxb7 Rc3+ 52. Kf4 Rxa3 53. Rb6 Ra4 54. Ke5 a5 55. bxa5 Rxa5 56. Rxc6 Ra3 57.
Kf4 Rd3 58. Rc7 Rd4+ 59. Kf3 Rc4 60. Rd7 Rc3+ 61. Kf2 Rd3 62. Kg2 d4 63. Kf2
Rd2+ 64. Kf3 Rd3+ 65. Kf2 Rd1 66. Ke2 Rg1 67. Kf2 Rd1 68. Ke2 Rg1 69. Kf2
Rd1 70. Ke2 Ra1 71. Rxd4 Kg7 72. Rd5 Kf6 73. Rg5 Ra2+ 74. Ke3 Ra3+ 75. Ke4
Ra4+ 76. Kf3 Ra3+ 77. Ke4 Ra1 78. Kf3 Rf1+ 79. Ke4 Rf2 80. Ke3 Ra2 81. Ke4
Ra4+ 82. Kf3 Ra3+ 83. Ke4 Ra4+ 84. Kf3 Ra1 85. Ke3 Rf1 86. Ke4 Rf2 87. Ke3
Ra2 88. Kf3 Ra3+ 89. Ke4 Ra4+ 90. Kf3 Ra1 91. Ke3 Rf1 92. Ke4 Rf2 93. Ke3
Rf5 94. Rxf5+ Kxf5 95. Kf3 Ke5 96. Ke3 Kf5 97. Kf3 Ke5 98. Ke3 Kf5 99. Kf3
Ke5 100. Ke3 Kf5 101. Kf3 g5 102. hxg5 Kxg5 103. Kg2 Kg4 104. Kh1 Kxg3 105.
Kg1 Kh3 106. Kh1 Kg3 107. Kg1 Kh4 108. Kh1 Kg5 109. Kg1 Kh6 110. Kh1 Kh7
111. Kg1 Kg7 112. Kh1 Kf8 113. Kh2 Kf7 114. Kh3 Kf6 115. Kh4 Kg6 116. Kh3
Kg5 117. Kh2 Kg4 118. Kh1 Kh3 119. Kg1 Kg3 120. Kh1 Kh3 121. Kg1 Kg3 122.
Kh1 Kh3 123. Kg1 Kg3 124. Kh1 Kh3 125. Kg1 Kg4 126. Kh1 Kg5 127. Kh2 Kf5
128. Kh3 Kf6 129. Kh4 Kg6 130. Kh3 Kg5 131. Kh2 Kg4 132. Kh1 h4 133. Kh2 Kg5
134. Kh1 Kh5 135. Kh2 Kg5 136. Kh1 Kh5 137. Kh2 Kg6 138. Kh1 Kh5 139. Kh2
Kg4 140. Kh1 Kh5 141. Kh2 Kg5 142. Kh3 Kh5 143. Kh2 Kg4 144. Kh1 Kh5 145.
Kh2 Kg5 146. Kh3 Kh5 147. Kh2 Kg4 148. Kh1 Kh3 149. Kg1 Kg3 150. Kh1 Kg4
151. Kg1 Kf5 152. Kh1 Kg5 153. Kg1 Kh5 154. Kh1 Kh6 155. Kh2 Kh5 156. Kh3
Kg5 157. Kh2 Kh5 158. Kh3 Kg5 159. Kh2 Kh5 160. Kh1 Kg4 161. Kg1 Kh3 162.
Kh1 Kg3 163. Kg1 Kg4 164. Kh1 Kg5 165. Kh2 Kf6 166. Kh3 Kg5 167. Kh2 Kg4
168. Kh1 Kh5 169. Kh2 Kg5 170. Kh3 Kh5 171. Kh2 Kh6 172. Kh1 Kg7 173. Kg1
Kf8 174. Kh1 Kf7 175. Kh2 Kf6 176. Kh1 Kg5 177. Kg1 Kg4 178. Kh1 Kg3 179.
Kg1 h3 180. Kh1 Kg4 181. Kh2 Kg5 182. Kh1 Kg4 183. Kh2 Kh4 184. Kh1 Kg3 185.
Kg1 Kh4 186. Kh1 Kg4 187. Kh2 Kh4 188. Kh1 Kh5 189. Kh2 Kh4 190. Kh1 Kh5
191. Kh2 Kg4 192. Kh1 Kg3 193. Kg1 Kg4 194. Kh1 Kh4 195. Kh2 Kg4 196. Kh1
Kh4 197. Kh2 Kg4 198. Kh1 Kg5 199. Kh2 Kg4 200. Kh1 Kf4 201. Kh2 Kg4 202.
Kh1 Kh4 203. Kh2 Kg4 204. Kh1 Kh4 205. Kh2 Kg4 206. Kh1 Kg5 207. Kh2 Kh4
208. Kg1 Kh5 209. Kh1 Kg4 210. Kh2 Kf5 211. Kg3 h2 212. Kxh2
{Game drawn because neither player has mating material}
1/2-1/2

[Event "ICC tourney 2151 (70 10)"]
[Site "Internet Chess Club"]
[Date "2020.11.21"]
[Round "2"]
[White "Rancid-Gambit"]
[Black "RhettLangseth"]
[Result "0-1"]
[ICCResult "White forfeits on time"]
[WhiteElo "1918"]
[BlackElo "2141"]
[Opening "Philidor: Improved Hanham variation"]
[ECO "B07"]
[NIC "PU.08"]
[Time "16:01:57"]
[TimeControl "4200+10"]

1. e4 d6 2. d4 Nf6 3. Nc3 e5 4. Nf3 Nbd7 5. Bc4 Be7 6. O-O O-O 7. a4 c6 8.
Qe2 Re8 9. Rd1 Qc7 10. Ng5 Rf8 11. Be3 h6 12. Nf3 Ng4 13. Nxe5 Nxe3 14. Ng6
Nxd1 15. Nxe7+ Kh8 16. Rxd1 Nb6 17. Nxc8 Nxc4 18. Qxc4 Raxc8 19. f4 d5 20.
Qf1 dxe4 21. Nxe4 Rfe8 22. Nc5 Qe7 23. h3 b6 24. Nd3 Qe2 25. Ne5 Qxf1+ 26.
Kxf1 Kg8 27. Kf2 f6 28. Ng6 Kf7 29. f5 Rcd8 30. Kf3 Rd5 31. g4 c5 32. c3
cxd4 33. cxd4 Rc8 34. Rd3 Rcd8 35. Ke4 R5d7 36. d5 Rc8 37. b3 Rc1 38. Kd4
Rf1 39. Kc4 a6 40. b4 Rc7+ 41. Kd4 Rb1 42. Nh8+ Ke8 43. d6 Rxb4+ 44. Ke3 Ra7
45. a5 Kd7 46. Ng6 Ra8 47. Ne7 bxa5 48. Nd5 Rab8 {White forfeits on time}
0-1

[Event "ICC tourney 2151 (70 10)"]
[Site "Internet Chess Club"]
[Date "2020.11.21"]
[Round "2"]
[White "Kokoro"]
[Black "Dominator95"]
[Result "0-1"]
[ICCResult "White resigns"]
[WhiteElo "2173"]
[BlackElo "2155"]
[Opening "QGD: exchange, positional line"]
[ECO "D35"]
[NIC "QO.16"]
[Time "16:02:22"]
[TimeControl "4200+10"]

1. c4 e6 2. Nc3 d5 3. d4 Nf6 4. cxd5 exd5 5. Bg5 Bb4 6. Qa4+ Nc6 7. e3 h6 8.
Bh4 Bd7 9. Qc2 Qe7 10. Nf3 g5 11. Bg3 O-O-O 12. O-O-O Bxc3 13. Qxc3 Ne4 14.
Qc2 Bf5 15. Bd3 Nb4 16. Qa4 Nxg3 17. Bxf5+ Nxf5 18. Qxa7 Nc6 19. Qa8+ Nb8
20. Ne5 Rhe8 21. Rd2 f6 22. Nd3 Nd6 23. Kb1 c6 24. Rc1 Rd7 25. Nc5 Rc7 26.
Rdc2 Nc4 27. b3 Nb6 28. Qa7 N6d7 29. Nxb7 Qb4 30. Nd6+ Qxd6 31. Qa5 Kd8 32.
b4 Ke7 33. Ka1 Rb7 34. a3 Nb6 35. h4 Nc4 36. Rxc4 dxc4 37. Qf5 Nd7 38. Qh7+
Kd8 39. Qxh6 gxh4 40. Rxc4 Qd5 41. Rc3 Qxg2 42. Qxh4 Ra7 43. Qf4 Rh8 44. Kb2
Rh2 45. Rc2 Rh1 46. Qf5 Qf1 47. Kb3 Qb1+ 48. Kc4 Rxa3 49. d5 Qb3+ 50. Kd4
Qxb4+ 51. Rc4 Rd1+ 52. Ke4 Qxc4+ 53. Kf3 Qxd5+ 54. Qxd5 cxd5 {White resigns}
0-1

[Event "ICC tourney 2151 (70 10)"]
[Site "Internet Chess Club"]
[Date "2020.11.21"]
[Round "2"]
[White "RagingKnightNC"]
[Black "greenninja"]
[Result "0-1"]
[ICCResult "White resigns"]
[WhiteElo "2120"]
[BlackElo "2008"]
[Opening "Sicilian: Najdorf, 7...Qb6"]
[ECO "B97"]
[NIC "SI.08"]
[Time "16:02:22"]
[TimeControl "4200+10"]

1. e4 c5 2. Nf3 d6 3. d4 cxd4 4. Nxd4 Nf6 5. Nc3 a6 6. Bg5 e6 7. f4 Qb6 8.
Nb3 Be7 9. Qd2 Nbd7 10. O-O-O Qc7 11. Be2 b5 12. a3 Bb7 13. Bf3 O-O 14. e5
dxe5 15. Bxb7 Qxb7 16. Bxf6 Nxf6 17. fxe5 Rad8 18. Qe2 Nd7 19. Na5 Qc7 20.
Nb3 Nxe5 21. Rhe1 Nc4 22. Nd4 Nxa3 23. Nxe6 Rxd1+ 24. Nxd1 fxe6 25. Qxe6+
Kh8 26. bxa3 Bxa3+ 27. Kb1 Rc8 28. c3 Rd8 29. Qxa6 Bf8 30. g3 b4 31. c4 Qf7
32. Qa2 Qg6+ 33. Qc2 Qb6 34. Nb2 b3 35. Qe4 Qa6 36. Kc1 Qa1+ 37. Qb1 Qa5 38.
Qe4 Rd2 39. Re3 Rc2+ 40. Qxc2 bxc2 41. Kxc2 Qf5+ 42. Nd3 h5 43. c5 Qd5 44.
Re8 Qf7 45. Ra8 Kh7 46. Ra5 Qc4+ 47. Kd2 Be7 48. h4 Bf6 49. Ra3 Bd4 50. Kd1
Bxc5 51. Nxc5 Qxc5 52. Rf3 Qg1+ 53. Ke2 Qg2+ 54. Ke3 Kg6 55. Ke4 Qe2+ 56.
Kf4 Qe6 57. Rd3 Kf6 58. Kf3 Qg4+ 59. Kf2 Ke5 60. Re3+ Kd4 61. Rf3 Qe4 62.
Kg2 Qe2+ 63. Rf2 Qe5 64. Rf3 g5 65. hxg5 Qxg5 66. Rf4+ Ke5 67. Rh4 Qd2+ 68.
Kh3 Qe2 69. Rf4 Qd1 70. Kg2 h4 71. Rxh4 Qe2+ 72. Kh3 Qf1+ 73. Kh2 Qf2+ 74.
Kh3 Qg1 75. Rf4 Qh1+ 76. Kg4 Kd5 77. Rf2 Ke4 78. Re2+ Kd3 79. Rf2 Qh7 80.
Rf3+ Ke2 81. Rf4 Qh6 82. Rb4 Qe6+ 83. Kh5 Kf3 84. g4 Qf7+ 85. Kh6 Qf8+
{White resigns}
0-1

[Event "ICC tourney 2151 (70 10)"]
[Site "Internet Chess Club"]
[Date "2020.11.21"]
[Round "2"]
[White "gardemarin13"]
[Black "kentlchess"]
[Result "1-0"]
[ICCResult "Black resigns"]
[WhiteElo "1932"]
[BlackElo "1922"]
[Opening "Pirc: classical, h3 system"]
[ECO "B07"]
[NIC "PU.07"]
[Time "16:01:36"]
[TimeControl "4200+10"]

1. e4 d6 2. d4 Nf6 3. Nc3 g6 4. h3 Bg7 5. Nf3 O-O 6. Be3 Nbd7 7. e5 Ne8 8.
Bc4 Nb6 9. Bb3 e6 10. Qd2 c6 11. O-O-O Qc7 12. Bh6 c5 13. exd6 Qxd6 14. Ne4
Qc6 15. Nxc5 Nd6 16. Bxg7 Kxg7 17. Ne5 Qc7 18. Qc3 Nb5 19. Qe3 Nd6 20. Ng4
Nf5 21. Qc3 Qf4+ 22. Kb1 h5 23. g3 Qb8 24. d5+ f6 25. Nxf6 Rxf6 26. g4 Nxd5
27. Bxd5 exd5 28. Rxd5 Ne7 29. Rd8 Nc6 30. g5 Nxd8 31. Qxf6+ Kh7 32. Qxd8
Qe5 33. Nd3 Qf5 34. Re1 {Black resigns} 1-0